 Dungeon Crawl Stone Soup version 0.29.1-1-gd02db6906a (webtiles) character file.

Game seed: 8710823261016786841

1047 LabCoat the Chopper (level 8, -8/69 HPs)
             Began as a Hill Orc Fighter on Sept 18, 2022.
             Killed from afar by a steam dragon (13 damage)
             ... with a ball of steam
             ... on level 5 of the Dungeon on Sept 19, 2022.
             The game lasted 00:09:23 (3783 turns).

LabCoat the Chopper (Hill Orc Fighter)              Turns: 3783, Time: 00:09:24

Health: -8/69      AC: 13    Str: 21    XL:     8   Next: 25%
Magic:  8/8        EV:  4    Int:  8    God:
Gold:   331        SH:  8    Dex: 10    Spells: 7/7 levels left

rFire   . . .      SeeInvis .   a - +1 war axe (freeze)
rCold   . . .      Faith    .   j - +0 kite shield
rNeg    . . .      Spirit   .   e - +0 plate armour
rPois   .          Reflect  .   (no helmet)
rElec   .          Harm     .   l - +0 cloak
rCorr   .          Rampage  .   (no gloves)
Will    .....                   (no boots)
Stlth   ..........              (no amulet)
HPRegen 0.21/turn               (no ring)
MPRegen 0.11/turn               (no ring)

@: invisible
A: no striking features
a: no special abilities


You were on level 5 of the Dungeon.
You visited 1 branch of the dungeon, and saw 5 of its levels.

You collected 331 gold pieces.

Inventory:

Hand Weapons
 a - a +1 war axe of freezing (weapon)
Armour
 e - a +0 plate armour (worn)
 j - a +0 kite shield (worn)
 l - a +0 cloak (worn)
Jewellery
 f - a ring of flight
 g - an amulet of faith
 k - a +4 ring of evasion
Scrolls
 b - a scroll of fog
 d - a scroll of enchant weapon
 m - a scroll of identify {unknown}
 n - a scroll of enchant armour {unknown}
 q - a scroll of immolation {unknown}
Potions
 c - a potion of invisibility
 h - 2 potions of curing {unknown}
 i - a potion of berserk rage {unknown}
 o - a potion of haste {unknown}
 p - a potion of resistance {unknown}


   Skills:
 + Level 5.4 Fighting
 * Level 7.2 Axes
 + Level 2.9 Throwing
 + Level 5.0 Armour
 + Level 5.1 Shields
 + Level 3.1 Evocations


You had 7 spell levels left.
You didn't know any spells.
Your spell library contained the following spells:

 Spells                   Type           Power      Damage    Failure   Level
 Freeze                   Ice            0%         1d3       100%        1
 Summon Small Mammal      Summ           0%         N/A       100%        1
 Blink                    Tloc           0%         N/A       100%        2
 Poisonous Vapours        Pois/Air       0%         N/A       100%        2
 Call Canine Familiar     Summ           0%         N/A       100%        3
 Frozen Ramparts          Ice            0%         1d1       100%        3
 Gell's Gravitas          Tloc           0%         N/A       100%        3
 Lesser Beckoning         Tloc           0%         N/A       100%        3
 Summon Guardian Golem    Hex/Summ       0%         N/A       100%        3
 Teleport Other           Tloc           0%         N/A       100%        3
 Corpse Rot               Necr/Pois/Air  0%         N/A       100%        4
 Hailstorm                Conj/Ice       0%         3d3       100%        4
 Manifold Assault         Tloc           0%         N/A       100%        5


Dungeon Overview and Level Annotations

Branches:
Dungeon (5/15)
 Temple: D:4-7

Altars:
Dithmenos


Message History

You slash the steam dragon! You freeze the steam dragon.
You are engulfed in a cloud of scalding steam.
The steam dragon bites you! You block the steam dragon's attack.
You slash the iguana!
The iguana seems to slow down.
You freeze the iguana.
The iguana is severely wounded.
You barely miss the steam dragon. The steam dragon bites you!
The steam dragon claws you but does no damage.
You block the iguana's attack.
You slash the iguana! You freeze the iguana.
You kill the iguana!
You closely miss the steam dragon. The steam dragon bites you.
The steam dragon claws you.
The steam dragon bites you but does no damage.
You block the steam dragon's attack.
You hit the steam dragon. You freeze the steam dragon.
The steam dragon is moderately wounded.
The steam dragon bites you but does no damage.
The steam dragon barely misses you.
You hit the steam dragon. You freeze the steam dragon.
The steam dragon is heavily wounded.
The steam dragon breathes steam at you. The ball of steam hits you!!
* * * LOW HITPOINT WARNING * * *
You hear an angry hiss.
You hear a shout!
It was a potion of invisibility.
You fade into invisibility!
You slash the steam dragon! You freeze the steam dragon.
The steam dragon is almost dead.
The steam dragon bites you but does no damage.
The steam dragon claws you but does no damage.
An orc comes into view. It is wielding a +0 club.
You hit the steam dragon but do no damage.
The steam dragon is almost dead.
The orc shouts!
The steam dragon completely misses you.
The steam dragon claws you but does no damage.
An adder comes into view.
The steam dragon breathes steam at you. The ball of steam hits you!
You die...

...........#
.....(...#.###
.............#
.............#
#......##
##########.####..#
...........# ##§#
..########## #§#
#+### ### #@#
....# #.#
#.D....S.
....###.#
##.......
#'##'...# .......
.#..###.# .......
+#..# #.# .......
.#..###.# .......
.+..+.#.# ..###..
.#..#...#


You could see a steam dragon (unable to see you, catching breath) and an adder
(wandering, unable to see you).

Vanquished Creatures
  An ice beast (D:3)
  2 ogres
  2 scorpions (D:4)
  3 wights (D:4)
  A howler monkey (D:5)
  2 hounds (D:5)
  A jelly (D:4)
  Natasha (thrice) (D:3)
  An iguana (D:5)
  An orc wizard (D:4)
  8 gnolls
  10 adders
  2 worms
  3 dart slugs
  9 orcs
  11 ball pythons
  7 endoplasms
  2 giant cockroaches
  6 hobgoblins
  4 quokkas
  10 bats
  A frilled lizard (D:1)
  6 goblins
  6 kobolds
102 creatures vanquished.

Notes
Turn   | Place    | Note
-------+----------+-------------------------------------------
     0 | D:1      | LabCoat the Hill Orc Fighter began the quest for the Orb.
     0 | D:1      | Reached XP level 1. HP: 19/19 MP: 1/1
   244 | D:1      | Reached skill level 3 in Axes
   245 | D:1      | Reached XP level 2. HP: 23/27 MP: 2/2
   734 | D:1      | Reached XP level 3. HP: 33/33 MP: 3/3
  1333 | D:2      | Found a faded altar of an unknown god.
  1372 | D:2      | Reached XP level 4. HP: 40/40 MP: 4/4
  1425 | D:2      | Reached skill level 4 in Axes
  1425 | D:2      | Reached skill level 1 in Throwing
  1425 | D:2      | Reached skill level 1 in Evocations
  1919 | D:3      | Reached XP level 5. HP: 33/46 MP: 5/5
  2079 | D:3      | Noticed an ogre
  2090 | D:3      | Killed an ogre
  2091 | D:3      | Reached XP level 6. HP: 38/53 MP: 6/6
  2095 | D:3      | Reached skill level 5 in Axes
  2288 | D:3      | Noticed Natasha
  2288 | D:3      | Noticed an ice beast
  2296 | D:3      | Killed Natasha
  2311 | D:3      | Killed an ice beast
  2576 | D:3      | Noticed Natasha
  2580 | D:3      | Killed Natasha
  2682 | D:3      | Noticed Natasha
  2684 | D:3      | Killed Natasha
  2753 | D:4      | Reached XP level 7. HP: 49/60 MP: 7/7
  2907 | D:4      | Reached skill level 6 in Axes
  3139 | D:4      | Reached skill level 5 in Fighting
  3520 | D:5      | Entered Level 5 of the Dungeon
  3606 | D:5      | Found a shadowy altar of Dithmenos.
  3611 | D:5      | Reached skill level 5 in Shields
  3611 | D:5      | Reached XP level 8. HP: 68/68 MP: 8/8
  3646 | D:5      | Reached skill level 7 in Axes
  3762 | D:5      | Reached skill level 5 in Armour
  3783 | D:5      | Killed from afar by a steam dragon

Illustrated notes

Levels and vault maps discovered:
D:1:      eino_arrival_water_star, layout_basic, dreamdust_wishing_well
D:2:      layout_basic, basic_ecumenical_altar
D:3:      layout_rooms, lightli_corner_chamber, uniq_natasha
D:4:      layout_loops_ring
D:5:      minmay_chambers_of_threes, layout_basic, mainiacjoe_overflow_24_doors,
          st_stairs_9

Skill      XL: |  1  2  3  4  5  6  7  8 |
---------------+-------------------------+-----
Axes           | 3 4 5 6 7 |  7.2
Fighting       | 4 5 |  5.4
Throwing       | 1 2 |  2.9
Evocations     | 1 2 3 |  3.1
Shields        | 4 5 |  5.1
Armour         | 4 5 |  5.0

Action                   |  1- 3 |  4- 6 |  7- 9 || total
-------------------------+-------+-------+-------++-------
Melee: War axe           |    63 |    95 |    96 ||   254
  Use: Scroll            |     5 |     3 |       ||     8
       Potion            |     1 |     1 |     1 ||     3
Armor: Scale mail        |    22 |    15 |       ||    37
       Plate armour      |       |    75 |    56 ||   131
Dodge: Dodged            |    37 |    23 |    16 ||    76
Block: Buckler           |    14 |       |       ||    14
       Kite shield       |     5 |    47 |    49 ||   101
